 Dungeon Crawl Stone Soup version 0.19.1 (webtiles) character file.

118 kae the Cudgeler (level 5, 0/41 HPs)
             Began as a Formicid Fighter on Dec 8, 2016.
             Killed by divine providence
             ... invoked by an orc priest
              (11 damage)
             ... on level 3 of the Dungeon.
             The game lasted 00:01:41 (1955 turns).

kae the Cudgeler (Formicid Fighter)                 Turns: 1955, Time: 00:01:41

Health: 0/41       AC:  6    Str: 21    XL:     5   Next: 23%
Magic:  5/5        EV:  7    Int:  8    God:
Gold:   235        SH:  9    Dex: 10    Spells: 0 memorised, 4 levels left

rFire  . . .     SeeInvis +     a - +0 flail
rCold  + . .     Gourm    .     b - +0 scale mail
rNeg   . . .     Faith    .     c - +0 shield
rPois  .         Spirit   .     (helmet unavailable)
rElec  .         Reflect  .     (no cloak)
rCorr  +         Harm     .     (no gloves)
MR     .....                    (no boots)
Stlth  ..........               (no amulet)
                                n - ring of resist corrosion
                                l - ring of protection from cold

@: no status effects
A: permanent stasis, dig shafts and tunnels, four strong arms, antennae 3
a: Dig, Shaft Self


You were on level 3 of the Dungeon.
You were not hungry.

You visited 1 branch of the dungeon, and saw 3 of its levels.

You collected 235 gold pieces.

Inventory:

Hand Weapons
 a - a +0 flail (weapon)
Armour
 b - a +0 scale mail (worn)
 c - a +0 shield (worn)
Jewellery
 l - a ring of protection from cold (left hand)
 n - a ring of resist corrosion (right hand)
 w - a cursed ring of loudness {unknown}
Scrolls
 e - 5 scrolls of identify {unknown}
 g - 2 scrolls of enchant weapon {unknown}
 m - 5 scrolls of remove curse {unknown}
 q - a scroll of fear {unknown}
 s - 3 scrolls of recharging {unknown}
 t - a scroll of immolation {unknown}
 y - a scroll of fog {unknown}
Potions
 d - 2 potions of might
 h - a potion of degeneration {unknown}
 k - 2 potions of lignification {unknown}
 o - 3 potions of berserk rage {unknown}
 r - a potion of magic {unknown}
 u - a potion of brilliance {unknown}
 v - a potion of curing {unknown}
 x - a potion of haste {unknown}
Comestibles
 f - 2 bread rations
 i - 2 beef jerkies
 j - a royal jelly
 p - a meat ration


   Skills:
 - Level 3.2 Fighting
 + Level 5.0 Maces & Flails
 - Level 3.2 Armour
 - Level 3.6 Shields


You had 4 spell levels left.
You didn't know any spells.

Dungeon Overview and Level Annotations

Branches:
Dungeon (3/15)

Altars:


Innate Abilities, Weirdness & Mutations

You are under a permanent stasis effect.
You can dig through walls and to a lower floor.
Your four strong arms can wield two-handed weapons with a shield.
You have a pair of large antennae on your head. (SInv)


Message History

You hit the orc priest.
The orc priest is moderately wounded.
The orc hits you with a hand axe. The orc barely misses you.
The orc hits you but does no damage.
The orc priest mumbles some strange prayers to Beogh against you.
Pain shoots through your body! The orc hits you with a hand axe.
Things that are here:
a club; a ring mail You closely miss the orc priest.
The orc priest is moderately wounded.
The orc hits you with a dagger. The orc priest hits you with a mace.
The orc hits you with a hand axe. You block the orc's attack.
The orc priest hits you with a mace.
* * * LOW HITPOINT WARNING * * *
You thump the orc priest!
The orc priest is almost dead.
The orc hits you but does no damage. You block the orc's attack.
The orc priest calls down the wrath of Beogh upon you.
Beogh smites you!
You die...

#.# ... ## #.#. #.#
### .# #.#. #.###
..# .####... ....#
#.# ........##.#.#
#.# ... ...#.#.#
#.####.##
.#######.#.#.#
#o.......
.......(...#.###@o#
...............$)o#
.........#.########
.#.####..#.# .#.#
#..#.# ^#.# #..#.#
..#. #..#.# .# #
...#.# #. ##.....


You could see an orc priest and 2 orcs.

Vanquished Creatures
  Jessica (D:2)
  5 adders
  3 worms (D:2)
  A leopard gecko (D:2)
  2 orcs (D:3)
  2 giant cockroaches
  2 goblins
  7 hobgoblins
  2 kobolds
  3 quokkas
  5 bats
  2 frilled lizards (D:2)
  2 rats
  3 fungi (D:2)
40 creatures vanquished.

Notes
Turn   | Place    | Note
-------+----------+-------------------------------------------
     0 | D:1      | kae the Formicid Fighter began the quest for the Orb.
     0 | D:1      | Reached XP level 1. HP: 18/18 MP: 1/1
   314 | D:1      | Reached XP level 2. HP: 24/24 MP: 2/2
   900 | D:2      | Reached skill level 3 in Maces & Flails
   900 | D:2      | Reached XP level 3. HP: 27/29 MP: 3/3
  1043 | D:2      | Noticed Jessica
  1045 | D:2      | Killed Jessica
  1045 | D:2      | Reached skill level 4 in Maces & Flails
  1045 | D:2      | Reached XP level 4. HP: 35/35 MP: 4/4
  1573 | D:2      | Reached XP level 5. HP: 37/41 MP: 5/5
  1938 | D:3      | Reached skill level 5 in Maces & Flails
  1955 | D:3      | Killed from afar by an orc priest

Skill      XL: |  1  2  3  4  5 |
---------------+----------------+-----
Maces & Flails | 3 4 5 |  5.0
Fighting       | |  3.2
Armour         | |  3.2
Shields        | |  3.6

Action                   |  1- 3 |  4- 6 || total
-------------------------+-------+-------++-------
Melee: Flail             |    57 |   109 ||   166
 Abil: Dig               |     1 |       ||     1
  Eat: Chunk             |     1 |     3 ||     4
Armor: Scale mail        |    41 |    27 ||    68
Dodge: Dodged            |    12 |    25 ||    37
Block: Shield            |    38 |    41 ||    79
